 Dungeon Crawl Stone Soup version 0.25.0-9-g26727b657a (webtiles) character file.

Game seed: 14631001298682069262

3383 Flugkiller the Cleaver (level 9, 0/85 HPs)
             Began as a Deep Dwarf Fighter on June 21, 2020.
             Was a Follower of Makhleb.
             Slain by Gastronok (26 damage)
             ... on level 8 of the Dungeon.
             The game lasted 00:03:21 (3469 turns).

Flugkiller the Cleaver (Deep Dwarf Fighter)         Turns: 3469, Time: 00:03:22

Health: 0/85       AC: 19    Str: 24    XL:     9   Next: 74%
Magic:  7/7        EV:  5    Int:  8    God:    Makhleb [*.....]
Gold:   291        SH: 11    Dex: 12    Spells: 8/8 levels left

rFire    . . .     SeeInvis .   a - +0 war axe
rCold    . . .     Gourm    .   c - +0 kite shield
rNeg     . . .     Faith    .   z - +0 plate armour
rPois    .         Spirit   .   m - +0 helmet
rElec    .         Reflect  .   y - +0 cloak
rCorr    .         Harm     .   (no gloves)
MR       +....                  (no boots)
Stlth    ..........             (no amulet)
HPRegen  0.00/turn              p - +4 ring of protection
MPRegen  0.10/turn              (no ring)

@: marked, non-regenerating, slowed, very slow
A: damage resistance, heal wounds, sense surroundings 2, no regeneration
a: Heal Wounds, Renounce Religion


You were on level 8 of the Dungeon.
You worshipped Makhleb.
Makhleb was aware of your devotion.
You were hungry.

You visited 2 branches of the dungeon, and saw 9 of its levels.

You collected 291 gold pieces.

Inventory:

Hand Weapons
 a - a +0 war axe (weapon)
Missiles
 A - 3 throwing nets (quivered)
Armour
 c - a +0 kite shield (worn)
 m - a +0 helmet (worn)
   (You found it on level 3 of the Dungeon)
 n - a +0 chain mail
   (You found it on level 3 of the Dungeon)
 y - a +0 cloak (worn)
   (You found it on level 5 of the Dungeon)
 z - a +0 plate armour (worn)
   (You took it off an orc warrior on level 6 of the Dungeon)
Jewellery
 p - a +4 ring of protection (left hand)
   (You found it on level 6 of the Dungeon)
 s - an uncursed ring of fire
   (You found it on level 4 of the Dungeon)
Wands
 h - a wand of paralysis (6)
   (You found it on level 3 of the Dungeon)
 o - a wand of acid (2)
   (You took it off a centaur on level 6 of the Dungeon)
Scrolls
 b - 2 scrolls of amnesia {unknown}
 f - a scroll of immolation
 r - a scroll of identify
 t - 2 scrolls of teleportation
 u - a scroll of vulnerability {unknown}
 x - a scroll of remove curse
Potions
 d - a potion of might
 g - a potion of resistance {unknown}
 i - a potion of berserk rage
 j - a potion of lignification
 l - a potion of brilliance {unknown}
 q - 4 potions of curing
 w - a potion of haste {unknown}
Comestibles
 e - 6 rations
 v - 8 chunks of flesh


   Skills:
 * Level 6.5 Fighting
 * Level 9.2 Axes
 + Level 7.2 Armour
 + Level 7.1 Shields
 + Level 5.1 Invocations


You had 8 spell levels left.
You didn't know any spells.
Your spell library was empty.

Dungeon Overview and Level Annotations

Branches:
Dungeon (8/15)             Temple (1/1) D:5
   Lair: D:8-11

Altars:
Ashenzari
Dithmenos
Elyvilon
Fedhas
Gozag
Makhleb
Nemelex Xobeh
Okawaru
Qazlal
Ru
Sif Muna
Uskayaw
Wu Jian
Xom
Yredelemnul
Zin
The Shining One

Annotations:
D:5 1 runed translucent door
D:8 Gastronok


Innate Abilities, Weirdness & Mutations

You are resistant to damage.
You can heal yourself by infusing magical energy.
You passively map the area around you.
You do not regenerate.


Message History

Gastronok is severely wounded.
Gastronok gurgles, "A snack!
A snack!"
You block Gastronok's attack.
You are too injured to fight recklessly!
You completely miss Gastronok.
Gastronok is severely wounded.
You are no longer poisoned.
Gastronok waves his eye-stalks in wide circles.
The air twists around and strikes you!
* * * LOW HITPOINT WARNING * * *
You are too injured to fight recklessly!
You feel much better.
You slash Gastronok!
Gastronok is almost dead.
Gastronok waves his eye-stalks in wide circles.
The air twists around and strikes you!!
You hit Gastronok.
Gastronok is almost dead.
Gastronok bites you!!
You die...

* * , ,, , ** *
###########*#* * *
#...........#.. * ,
#..(.....##.#.# , ,
#.............# *
#.............#, ,
#####..........§..#,
*
#<.@w÷÷...........#,
* *
######............#
*,
.............§..w.#.
* * *
*######.......@.§..#.
* ,,
......<..§)§§z... ,
,, ...........§)....>
* , *
..############.§.#.
*. *#(### , , *
#.zw...


You could see Gastronok.

Vanquished Creatures
  Harold (D:8)
  3 ice beasts
  A sky beast (D:7)
  A black bear (D:7)
  2 orc warriors
  2 ogres
  A centaur (D:6)
  3 phantoms
  3 bullfrogs
  2 scorpions
  9 wights
  2 crimson imps (D:5)
  2 orc priests
  A gnoll shaman (D:4)
  4 hounds
  A centaur skeleton (D:6)
  4 worker ants
  9 orc wizards
  A killer bee zombie (D:3)
  A howler monkey zombie (D:5)
  4 gnolls (D:4)
  8 adders
  3 worms
  4 leopard geckos
  26 orcs
  A ball python (D:2)
  4 bats
  5 giant cockroaches
  A goblin (D:3)
  2 hobgoblins (D:3)
  4 jackals
  A quokka (D:2)
  2 frilled lizards (D:4)
  A giant cockroach zombie (D:4)
  A jackal skeleton (D:5)
  4 kobolds (D:3)
  2 leopard gecko skeletons
  A rat (D:3)
127 creatures vanquished.

Notes
Turn   | Place    | Note
-------+----------+-------------------------------------------
     0 | D:1      | Flugkiller the Deep Dwarf Fighter began the quest for the
                  | Orb.
     0 | D:1      | Reached XP level 1. HP: 20/20 MP: 1/1
   147 | D:2      | Reached XP level 2. HP: 12/27 MP: 2/2
   256 | D:3      | Reached skill level 3 in Axes
   256 | D:3      | Reached XP level 3. HP: 31/33 MP: 3/3
   267 | D:3      | Reached XP level 4. HP: 42/42 MP: 4/4
   511 | D:3      | Reached skill level 4 in Axes
   511 | D:3      | Reached XP level 5. HP: 24/49 MP: 5/5
   559 | D:4      | Noticed a phantom
   621 | D:4      | Killed a phantom
   621 | D:4      | Reached XP level 6. HP: 57/57 MP: 5/5
   668 | D:4      | Reached skill level 5 in Axes
   930 | D:5      | Entered Level 5 of the Dungeon
  1055 | D:5      | Found a glowing silver altar of Zin.
  1055 | D:5      | Noticed an angel
  1073 | D:5      | Found a runed translucent door.
  1123 | D:5      | Reached XP level 7. HP: 43/64 MP: 6/6
  1152 | D:5      | Reached skill level 5 in Armour
  1152 | D:5      | Reached skill level 5 in Shields
  1192 | D:5      | Reached skill level 6 in Axes
  1301 | D:5      | Found a staircase to the Ecumenical Temple.
  1325 | Temple   | Entered the Ecumenical Temple
  1331 | Temple   | Became a worshipper of Makhleb the Destroyer
  1757 | D:6      | Reached skill level 1 in Invocations
  1757 | D:6      | Reached XP level 8. HP: 38/73 MP: 7/7
  1833 | D:6      | Reached skill level 7 in Axes
  2368 | D:7      | Reached skill level 5 in Fighting
  2380 | D:7      | Found a blossoming altar of Fedhas.
  2563 | D:7      | Reached skill level 8 in Axes
  2704 | D:7      | Gained mutation: You passively map the area around you.
                  | [Deep Dwarf growth]
  2704 | D:7      | Reached XP level 9. HP: 52/81 MP: 8/8
  2830 | D:7      | Reached * piety under Makhleb
  3371 | D:8      | Noticed Gastronok
  3371 | D:8      | Noticed Harold
  3427 | D:8      | Killed Harold
  3427 | D:8      | Reached skill level 9 in Axes
  3427 | D:8      | Reached skill level 5 in Invocations
  3469 | D:8      | Slain by Gastronok

Illustrated notes

Levels and vault maps discovered:
D:1:      minmay_arrival_up_and_down, layout_basic
D:2:      layout_loops_ring
D:3:      layout_rooms, kennysheep_generic_room_13
D:4:      layout_gridville, first_ration
D:5:      layout_basic, temple_statues, lemuel_angel_altar
D:6:      layout_loops_ring
D:7:      layout_loops_corners, overflow_temple_1_default,
          grunt_decor_mini_mirrors
D:8:      layout_basic, uniq_maggie, uniq_harold, uniq_gastronok
Temple:   dpeg_three_leaves_temple

Skill      XL: |  1  2  3  4  5  6  7  8  9 |
---------------+----------------------------+-----
Axes           | 3 4 5 6 8 9 |  9.2
Fighting       | 3 4 5 6 |  6.5
Armour         | 4 5 6 7 |  7.2
Shields        | 4 5 6 7 |  7.1
Invocations    | 1 3 5 |  5.1

Action                   |  1- 3 |  4- 6 |  7- 9 || total
-------------------------+-------+-------+-------++-------
Melee: War axe           |    73 |   181 |   364 ||   618
 Abil: Heal Wounds       |     2 |     4 |    19 ||    25
Evoke: Wand              |       |       |     4 ||     4
  Use: Scroll            |       |     2 |     8 ||    10
 Stab: Paralysed         |       |       |     5 ||     5
  Eat: Chunk             |       |     1 |     8 ||     9
Armor: Scale mail        |    50 |     4 |       ||    54
       Chain mail        |       |   125 |    57 ||   182
       Plate armour      |       |       |   143 ||   143
Dodge: Dodged            |    40 |    69 |    61 ||   170
Block: Kite shield       |    41 |   144 |   158 ||   343
